 Dungeon Crawl Stone Soup version 0.28-a0-1624-g820543e53a (webtiles) character file.

Game seed: 7210469340270806341

1946 innerfire433 the Carver (level 8, 0/91 HPs)
             Began as a Demonspawn Monk on Jan 23, 2022.
             Was an Elder of Jiyva.
             Succumbed to a water moccasin's poison
             ... on level 6 of the Dungeon.
             The game lasted 00:10:36 (3585 turns).

innerfire433 the Carver (Demonspawn Monk)           Turns: 3585, Time: 00:10:37

Health: 0/91       AC: 24    Str: 12 (13) XL:     8   Next: 98%
Magic:  5/8        EV:  2    Int: 15 (16) God:    Jiyva [****..]
Gold:   166        SH:  0    Dex: 15 (16) Spells: 7/7 levels left

rFire   . . .      SeeInvis .   m - +0 triple sword
rCold   . . .      Faith    .   (shield currently unavailable)
rNeg    . . .      Spirit   .   (armour currently unavailable)
rPois   +          Reflect  .   (helmet currently unavailable)
rElec   .          Harm     .   (cloak currently unavailable)
rCorr   +          Rampage  .   (gloves currently unavailable)
Will    .....      NoTele   +   (boots currently unavailable)
Stlth   ++........              (no amulet)
HPRegen 1.53/turn               (no ring)
MPRegen 0.51/turn               (no ring)

@: mighty, agile, lethally poisoned (0 -> -12), tree-form, calling ooze
A: stationary, stasis, torment immunity, boosted hp, (antennae 2), powered by
pain 2, (sanguine armour 2), (talons 2), clever 2, (cold resistance 2)
a: Renounce Religion, Oozemancy, Slimify


You were on level 6 of the Dungeon.
You worshipped Jiyva.
Jiyva was greatly pleased with you.
You were a tree.
You visited 1 branch of the dungeon, and saw 6 of its levels.

You collected 166 gold pieces.

Inventory:

Hand Weapons
 a - a +0 falchion
 c - a +0 rapier
 m - a +0 triple sword (weapon)
Armour
 b - a +0 robe (melded)
Wands
 e - a wand of paralysis (12)
Scrolls
 d - a scroll of blinking
 f - a scroll of vulnerability {unknown}
 g - a scroll of fog {unknown}
 h - a scroll of amnesia {unknown}
 i - a scroll of enchant weapon {unknown}
 j - a scroll of teleportation {unknown}
 k - a scroll of identify {unknown}
Potions
 l - a potion of berserk rage {unknown}
 n - a potion of degeneration
 p - a potion of brilliance {unknown}
 q - a potion of curing {unknown}


   Skills:
 - Level 4.4 Fighting
 * Level 10.2 Long Blades
 - Level 3.4 Dodging
 - Level 2.9 Stealth


You had 7 spell levels left.
You didn't know any spells.
Your spell library contained the following spells:

 Spells                   Type           Power      Damage    Failure   Level
 Call Canine Familiar     Summ           0%         N/A       63%         3
 Portal Projectile        Hex/Tloc       0%         N/A       63%         3
 Leda's Liquefaction      Hex/Erth       0%         N/A       95%         4


Dungeon Overview and Level Annotations

Branches:
Dungeon (6/15)             Temple (0/1) D:6

Altars:
Jiyva

Shops:
D:4 *


Innate Abilities, Weirdness & Mutations

You are a tree.
Your roots penetrate the ground, keeping you stationary.
You cannot be teleported.
You are immune to unholy pain and torment.
Your maximum health is greatly increased.
Your equipment is partially melded.
((You have a pair of antennae on your head.))
You sometimes gain power by taking damage.
((When seriously injured, your blood forms thick armour. (AC +0)))
((You have razor-sharp toenails.))
Your mind is very acute. (Int +4)
((Your flesh is very cold resistant. (rC++)))


Message History

You feel very sick.
The kobold brigand shouts!
You slash the water moccasin! Your kick misses the water moccasin.
The water moccasin is moderately wounded.
You feel very sick. The water moccasin misses you.
The water moccasin bites you.
* * * LOW HITPOINT WARNING * * *
You are lethally poisoned!
The water moccasin poisons you!
It was a potion of degeneration.
There was something very wrong with that liquid.
You feel weakened.
You feel dopey.
You feel clumsy.
* * * LOW HITPOINT WARNING * * *
You feel very sick. The water moccasin barely misses you.
The kobold brigand throws a curare-tipped dart.
The curare-tipped dart misses you.
The curare-tipped dart hits the water moccasin.
It was a potion of lignification.
You turn into a tree.
Your +0 robe melds into your body.
Your roots penetrate the ground.
Your blood armour dries and flakes away.
* * * LOW HITPOINT WARNING * * *
You feel very sick.
The water moccasin bites you but does no damage.
A bullfrog skeleton comes into view.
The kobold brigand throws a curare-tipped dart.
The curare-tipped dart hits you.
Something barely misses the endoplasm. x2
The water moccasin bites you but does no damage.
You miss the water moccasin.
The water moccasin is moderately wounded.
You feel very sick. The water moccasin bites you.
* * * LOW HITPOINT WARNING * * *
You are lethally poisoned!
The water moccasin poisons you!
The water moccasin bites you but does no damage.
Activating: Oozemancy (4% risk of failure)
Press: ? - help, Dir - look around, f - activate Slime begins to ooze from the nearby walls!
You die...

#.# .. ##..# ... ....
#####'# ###P. #.....#
#.##. { ##.....##
##P#.. #.......# #....>
...########.......#
#.P#..
.....Z.K..♣S......#
#..##.
..####'####.....##
##.... ##....##...##
##... ##..)...##.##
##.# #### ###
#........#### #####..
...# #.#
#........#..#####......
...###.#
#........#......<.###..
.......#
#........#.............
...###.#
##......##........##.#.


You could see a water moccasin, a kobold brigand and a bullfrog skeleton.

Vanquished Creatures
  2 ice beasts (D:5)
  2 ogres (D:6)
  A phantom (D:5)
  2 scorpions
  A water moccasin zombie (D:6)
  A water moccasin skeleton (D:4)
  A bullfrog zombie (D:5)
  2 hounds
  An orc priest (D:6)
  A centaur skeleton (D:6)
  A gnoll shaman (D:6)
  Jessica (D:3)
  2 iguanas (D:5)
  4 gnolls (D:3)
  6 adders
  A white imp (D:6)
  4 ufetubi
  4 dart slugs
  10 orcs
  5 ball pythons
  2 bats (D:2)
  An endoplasm (D:1)
  A giant cockroach (D:3)
  7 goblins
  2 hobgoblins
  7 jackals
  A quokka (D:2)
  4 frilled lizards
  8 kobolds
  5 rats
90 creatures vanquished.

Vanquished Creatures (collateral kills)
  A two-headed ogre (D:6)
  A hornet (D:6)
  A yak (D:6)
  An iguana (D:4)
4 creatures vanquished.

Vanquished Creatures (others)
  A steam dragon (D:6)
  2 water moccasins (D:6)
  2 black bears (D:6)
  A sky beast (D:6)
  9 jellies (D:6)
  An orc wizard (D:5)
  A hound zombie (D:5)
  A howler monkey skeleton (D:6)
  An endoplasm (D:4)
  4 orcs
  A bat (D:1)
  A giant cockroach (D:2)
  2 kobolds (D:2)
  A frilled lizard (D:2)
  6 plants (D:6)
34 creatures vanquished.

Grand Total: 128 creatures vanquished

Notes
Turn   | Place    | Note
-------+----------+-------------------------------------------
     0 | D:1      | innerfire433 the Demonspawn Monk began the quest for the
                  | Orb.
     0 | D:1      | Reached XP level 1. HP: 18/18 MP: 1/1
   124 | D:1      | Found a faded altar of an unknown god.
   129 | D:1      | Gained mutation: You have a pair of small antennae on your
                  | head. [demonic ancestry]
   129 | D:1      | Reached XP level 2. HP: 17/24 MP: 2/2
   135 | D:1      | Prayed at the altar of an unknown god.
   135 | D:1      | Became a worshipper of Jiyva Jayja the Shapeless
   135 | D:1      | Reached * piety under Jiyva
   135 | D:1      | Reached ** piety under Jiyva
   253 | D:1      | Reached *** piety under Jiyva
   360 | D:1      | Reached skill level 3 in Long Blades
   365 | D:1      | Gained mutation: Your flesh is cold resistant. (rC+)
                  | [Jiyva's grace]
   365 | D:1      | Gained mutation: Your flesh is very cold resistant. (rC++)
                  | [Jiyva's grace]
   365 | D:1      | Gained mutation: Your flesh is almost immune to the effects
                  | of cold. (rC+++) [Jiyva's grace]
   365 | D:1      | Gained mutation: You have a pair of antennae on your head.
                  | [Jiyva's grace]
   415 | D:1      | Gained mutation: You sometimes gain a little power by
                  | taking damage. [demonic ancestry]
   415 | D:1      | Reached XP level 3. HP: 29/29 MP: 3/3
   922 | D:2      | Reached **** piety under Jiyva
  1194 | D:3      | Gained mutation: When seriously injured, your blood forms
                  | armour. (AC +0) [demonic ancestry]
  1194 | D:3      | Reached XP level 4. HP: 30/35 MP: 4/4
  1359 | D:3      | Noticed Jessica
  1368 | D:3      | Killed Jessica
  1495 | D:3      | Lost mutation: Your flesh is almost immune to the effects
                  | of cold. (rC+++) [Jiyva's grace]
  1495 | D:3      | Gained mutation: Your mind is acute. (Int +2) [Jiyva's
                  | grace]
  1495 | D:3      | Gained mutation: Your mind is very acute. (Int +4) [Jiyva's
                  | grace]
  1495 | D:3      | Gained mutation: You have sharp toenails. [Jiyva's grace]
  1495 | D:3      | Gained mutation: You have razor-sharp toenails. [Jiyva's
                  | grace]
  1725 | D:3      | Reached ***** piety under Jiyva
  1825 | D:4      | Found Heguwazi's Overcharged Wands.
  1861 | D:4      | Gained mutation: When seriously injured, your blood forms
                  | thick armour. (AC +0) [demonic ancestry]
  1861 | D:4      | Reached XP level 5. HP: 42/42 MP: 5/5
  1925 | D:4      | Reached skill level 4 in Long Blades
  2020 | D:4      | Identified the +0 robe of Resonance {*Slow rF++ rC+ Will+}
  2148 | D:4      | Reached XP level 6. HP: 24/49 MP: 6/6
  2532 | D:5      | Entered Level 5 of the Dungeon
  2606 | D:5      | Reached skill level 5 in Long Blades
  2794 | D:5      | Noticed an ice beast
  2797 | D:5      | Noticed an ice beast
  2808 | D:5      | Killed an ice beast
  2809 | D:5      | Mutation became permanent: You have a pair of small
                  | antennae on your head. [demonic ancestry]
  2809 | D:5      | Gained mutation: You have a pair of antennae on your head.
                  | [demonic ancestry]
  2809 | D:5      | Reached XP level 7. HP: 55/55 MP: 7/7
  2819 | D:5      | Reached skill level 6 in Long Blades
  3139 | D:6      | Found a staircase to the Ecumenical Temple.
  3167 | D:6      | Reached skill level 7 in Long Blades
  3171 | D:6      | Killed a steam dragon
  3320 | D:6      | Noticed a two-headed ogre
  3326 | D:6      | Killed a two-headed ogre
  3327 | D:6      | Reached skill level 9 in Long Blades
  3327 | D:6      | Gained mutation: You sometimes gain power by taking damage.
                  | [demonic ancestry]
  3327 | D:6      | Reached XP level 8. HP: 33/61 MP: 8/8
  3524 | D:6      | Noticed a hornet
  3533 | D:6      | Killed a hornet
  3534 | D:6      | Reached skill level 10 in Long Blades
  3544 | D:6      | Noticed a slime creature
  3544 | D:6      | a black bear changed into a slime creature
  3585 | D:6      | Succumbed to a water moccasin's poison

Illustrated notes

Levels and vault maps discovered:
D:1:      minmay_arrival_jagged, layout_rooms,
          ebering_ecumenical_altar_sacrificial
D:2:      layout_basic
D:3:      layout_loops_ring, uniq_jessica
D:4:      layout_gridville, nicolae_shop_overcharged_wands
D:5:      layout_gridville
D:6:      minmay_polygon_palace, layout_loops_cross,
          minmay_temple_entry_gardened_gates

Skill      XL: |  1  2  3  4  5  6  7  8 |
---------------+-------------------------+-----
Stealth        | 2 |  2.9
Long Blades    | 3 4 5 9 10 | 10.2
Dodging        | 3 |  3.4
Fighting       | 4 |  4.4

Action                   |  1- 3 |  4- 6 |  7- 9 || total
-------------------------+-------+-------+-------++-------
Melee: Falchion          |   119 |    80 |       ||   199
       Kick              |       |    20 |    12 ||    32
       Punch             |       |     2 |       ||     2
       Triple sword      |       |    36 |    62 ||    98
Invok: Slimify           |       |       |     2 ||     2
       Oozemancy         |       |       |     2 ||     2
  Use: Potion            |     1 |     3 |     2 ||     6
       Scroll            |       |     1 |       ||     1
 Stab: Sleeping          |     6 |     7 |     2 ||    15
       Distracted        |       |       |     1 ||     1
Armor: Robe              |    18 |    24 |    29 ||    71
       Skin              |       |       |     3 ||     3
Dodge: Dodged            |    84 |    88 |    89 ||   261

Table legend: (Time is in decaauts)
 A = Elapsed time spent in this place.
 B = Non-inter-level travel time spent in this place.
 C = Inter-level travel time spent in this place.
 D = Time resting spent in this place.
 E = Time spent auto-exploring this place.
 F = Levels seen in this place.
 G = Mean time per level.
                   A        B        C        D        E       F      G
               +--------+--------+--------+--------+--------+-----+--------+
         Total |   3657 |   3567 |     90 |      0 |   2697 |   6 |  609.5 |
       Dungeon |   3657 |   3567 |     90 |      0 |   2697 |   6 |  609.5 |
               +--------+--------+--------+--------+--------+-----+--------+

Top non-repeatable levels by time:
     D:4: 762 daAuts
     D:3: 696 daAuts
     D:5: 627 daAuts
     D:2: 578 daAuts
     D:1: 525 daAuts
     D:6: 468 daAuts
